 Dungeon Crawl Stone Soup version 0.27.0-1-g7a089689b8 (webtiles) character file.

Game seed: 17472002952271859925

153 EnegeticOcto the Covered (level 5, -27/49 HPs)
             Began as a Deep Dwarf Fighter on Aug 2, 2021.
             Blown up by an orc (30 damage)
             ... with a mindburst bolt
             ... on level 3 of the Dungeon.
             The game lasted 00:01:00 (1664 turns).

EnegeticOcto the Covered (Deep Dwarf Fighter)       Turns: 1664, Time: 00:01:02

Health: -27/49     AC:  8    Str: 20    XL:     5   Next: 12%
Magic:  4/4        EV:  7    Int:  9    God:
Gold:   150        SH:  9    Dex: 12    Spells: 4/4 levels left

rFire    . . .     SeeInvis .   a - +0 broad axe
rCold    . . .     Faith    .   c - +0 kite shield
rNeg     . . .     Spirit   .   b - +0 scale mail
rPois    .         Reflect  .   o - +0 helmet
rElec    .         Harm     .   (no cloak)
rCorr    .         Rampage  .   (no gloves)
Will     .....                  (no boots)
Stlth    ..........             (no amulet)
HPRegen  0.00/turn              (no ring)
MPRegen  0.09/turn              (no ring)

@: no status effects
A: damage resistance, heal wounds, sense surroundings 1, no regeneration
a: Heal Wounds


You were on level 3 of the Dungeon.
You visited 1 branch of the dungeon, and saw 3 of its levels.

You collected 150 gold pieces.

Inventory:

Hand Weapons
 a - a +0 broad axe (weapon)
 r - a +0 war axe
Missiles
 p - a throwing net
Armour
 b - a +0 scale mail (worn)
 c - a +0 kite shield (worn)
 o - a +0 helmet (worn)
Jewellery
 m - an amulet of the acrobat
Scrolls
 e - a scroll of amnesia {unknown}
 h - 2 scrolls of identify {unknown}
 k - a scroll of summoning {unknown}
 l - 2 scrolls of enchant armour {unknown}
 n - a scroll of blinking {unknown}
 q - a scroll of magic mapping {unknown}
Potions
 d - a potion of might {@q3}
 f - 2 potions of curing {unknown}
 g - 2 potions of heal wounds {unknown}
 i - a potion of attraction {unknown}
 j - 2 potions of cancellation {unknown}
 s - a potion of flight {unknown}


   Skills:
 + Level 3.3 Fighting
 * Level 4.1 Axes
 + Level 4.1 Armour
 + Level 4.0 Shields


You had 4 spell levels left.
You didn't know any spells.
Your spell library was empty.

Dungeon Overview and Level Annotations

Branches:
Dungeon (3/15)

Altars:
Yredelemnul


Innate Abilities, Weirdness & Mutations

You are resistant to damage.
You can heal yourself by infusing magical energy.
You passively map a small area around you.
You do not regenerate.


Message History

The orc closely misses you.
You closely miss the orc.
The orc is moderately wounded.
Your shield and scale mail prevent you from hitting the orc.
You block the orc's attack. The orc barely misses you.
You block the orc's attack.
You closely miss the orc.
The orc is moderately wounded.
You hit the orc. The orc hits you with a +0 whip. You block the orc's attack.
The orc hits you but does no damage.
You hit the orc but do no damage.
The orc is moderately wounded.
You barely miss the orc. You block the orc's attack.
The orc closely misses you. You block the orc's attack.
The orc completely misses you.
You hit the orc but do no damage.
The orc is moderately wounded.
Your scale mail prevents you from hitting the orc.
You block the orc's attack. The orc hits you but does no damage.
The orc hits you with a +0 flail.
You hit the orc but do no damage.
The orc is moderately wounded.
You closely miss the orc. The orc hits you but does no damage. x2
You block the orc's attack.
You hit the orc.
You kill the orc!
You hit the orc. The orc hits you with a +0 flail.
The orc completely misses you.
You hit the orc.
You kill the orc!
No target in view!
No target in view!
No target in view!
No target in view!
No target in view!
No target in view!
No target in view!
No target in view!
Items here: )) [ ††.
Found an escape hatch in the ceiling.
Items here: ))) [[ †.
s - a grey potion
Found two stone staircases leading down.
An orc comes into view.
It is wielding a +0 flail and carrying a wand of mindburst (16).
The orc shouts!
A bat comes into view.
An endoplasm comes into view.
There are monsters nearby!
Your shield prevents you from hitting the orc.
You barely miss the bat. The bat hits you but does no damage.
The orc zaps a wand.
Your mind is blasted!
You block the orc's attack.
You are too injured to fight recklessly!
You are too injured to fight recklessly!
You are too injured to fight recklessly!
You are too injured to fight recklessly!
You are too injured to fight recklessly!
You are too injured to fight recklessly!
You are too injured to fight recklessly!
You are too injured to fight recklessly!
You are too injured to fight recklessly!
You are too injured to fight recklessly!
You are too injured to fight recklessly!
You are too injured to fight recklessly!
You are too injured to fight recklessly!
You are too injured to fight recklessly!
You are too injured to fight recklessly!
You are too injured to fight recklessly!
You feel much better. You block the bat's attack.
The orc zaps a wand.
Your mind is blasted!
You feel much better. You block the bat's attack.
The orc hits you but does no damage.
You closely miss the orc. The bat hits you.
The orc zaps a wand.
Your mind is blasted!
You hit the endoplasm.
The endoplasm is moderately wounded.
You hit the orc but do no damage. You block the bat's attack.
The endoplasm hits you but does no damage.
The orc zaps a wand.
Your mind is blasted!
Ouch! That really hurt!
* * * LOW HITPOINT WARNING * * *
The orc hits you but does no damage. The endoplasm freezes you.
You are frozen.
You are too injured to fight recklessly!
You are too injured to fight recklessly!
You are too injured to fight recklessly!
You are too injured to fight recklessly!
You are too injured to fight recklessly!
You are too injured to fight recklessly!
You are too injured to fight recklessly!
You are too injured to fight recklessly!
You are too injured to fight recklessly!
You are too injured to fight recklessly!
You are too injured to fight recklessly!
You are too injured to fight recklessly!
You are too injured to fight recklessly!
You are too injured to fight recklessly!
You fail to use your ability.
The bat hits you but does no damage.
The orc zaps a wand.
Your mind is blasted!
Ouch! That really hurt!
You die...

* , , ..........#
#####
*...>.....#######...##
#.>......#....<..#...
,
#........#........#..
#........#......8...8
#....b...#........#..
,#..Jo....#.....#.###.
#...@....##..##...#..
#.##.####.......8...8
#......###.....#.. * *
#..##### #.##.###.
##.# #.....#.. #.#
##.8...8 ### ##†..#..
##...####
######..#...##


You could see an orc, an endoplasm and a bat.

Vanquished Creatures
  An orc wizard (D:2)
  4 gnolls (D:3)
  An adder (D:2)
  2 worms
  3 dart slugs
  8 orcs
  3 bats
  5 endoplasms
  3 giant cockroaches
  4 hobgoblins
  2 jackals (D:2)
  A quokka (D:1)
  5 ball pythons
  3 frilled lizards
  9 goblins
  4 kobolds (D:2)
  3 rats
61 creatures vanquished.

Notes
Turn   | Place    | Note
-------+----------+-------------------------------------------
     0 | D:1      | EnegeticOcto the Deep Dwarf Fighter began the quest for the
                  | Orb.
     0 | D:1      | Reached XP level 1. HP: 20/20 MP: 1/1
   269 | D:1      | Reached XP level 2. HP: 20/27 MP: 2/2
   929 | D:2      | Reached XP level 3. HP: 33/33 MP: 2/2
  1267 | D:2      | Reached XP level 4. HP: 21/42 MP: 3/3
  1360 | D:2      | Found a faded altar of an unknown god.
  1386 | D:2      | Became a worshipper of Yredelemnul the Dark
  1386 | D:2      | Reached * piety under Yredelemnul
  1387 | D:2      | Fell from the grace of Yredelemnul
  1509 | D:3      | Reached XP level 5. HP: 33/49 MP: 4/4
  1664 | D:3      | Blown up by an orc

Illustrated notes

Levels and vault maps discovered:
D:1:      dpeg_arrival_round_a, layout_basic
D:2:      layout_loops_cross, basic_ecumenical_altar
D:3:      layout_rooms, nicolae_gozag_cash_rules_everything_around_me,
          minmay_misc_feat_four_crosses

Skill      XL: |  1  2  3  4 |
---------------+-------------+-----
Axes           | 3 4 |  4.1
Fighting       | 3 |  3.3
Armour         | 4 |  4.1
Shields        | 4 |  4.0

Action                   |  1- 3 |  4- 6 || total
-------------------------+-------+-------++-------
Melee: War axe           |   107 |    18 ||   125
       Broad axe         |       |    39 ||    39
Invok: Renounce Religion |       |     1 ||     1
 Abil: Heal Wounds       |     1 |     4 ||     5
Armor: Scale mail        |    43 |    43 ||    86
Dodge: Dodged            |    23 |    25 ||    48
Block: Kite shield       |    54 |    54 ||   108
